 Dungeon Crawl Stone Soup version 0.25-a0-528-g6b7c99946c (webtiles) character file.

Game seed: 15030626052959497076, levelgen mode: classic

57 EnegeticOcto the Shield-Bearer (level 3, -3/34 HPs)
             Began as a Deep Dwarf Fighter on Feb 19, 2020.
             Succumbed to a scorpion's poison
             ... on level 3 of the Dungeon.
             The game lasted 00:00:23 (335 turns).

EnegeticOcto the Shield-Bearer (Deep Dwarf Fighter)  Turns: 335, Time: 00:00:23

Health: -3/34      AC:  6    Str: 20    XL:     3   Next: 73%
Magic:  2/2        EV:  8    Int:  8    God:
Gold:   17         SH:  9    Dex: 15    Spells: 2/2 levels left

rFire    . . .     SeeInvis .   a - +0 war axe
rCold    . . .     Gourm    .   c - +0 kite shield
rNeg     . . .     Faith    .   b - +0 scale mail
rPois    .         Spirit   .   (no helmet)
rElec    .         Reflect  .   (no cloak)
rCorr    .         Harm     .   (no gloves)
MR       .....                  (no boots)
Stlth    ..........             (no amulet)
HPRegen  0.00/turn              f - +3 ring of dexterity
MPRegen  0.08/turn              (no ring)

@: lethally poisoned (-3 -> -16), non-regenerating
A: damage resistance, heal wounds, sense surroundings 1, no regeneration
a: Heal Wounds


You were on level 3 of the Dungeon.
You were not hungry.

You visited 1 branch of the dungeon, and saw 3 of its levels.

You collected 17 gold pieces.

Inventory:

Hand Weapons
 a - a +0 war axe (weapon)
Armour
 b - a +0 scale mail (worn)
 c - a +0 kite shield (worn)
Jewellery
 f - a +3 ring of dexterity (left hand)
Potions
 d - a potion of degeneration {unknown}
 h - a potion of flight {unknown}
 i - a potion of haste {unknown}
 k - a potion of might {@q3}
Comestibles
 e - a ration
 g - 8 chunks of flesh


   Skills:
 * Level 3.3 Fighting
 + Level 2.6 Axes
 + Level 3.6 Armour
 + Level 1.2 Dodging
 + Level 3.6 Shields


You had 2 spell levels left.
You didn't know any spells.
Your spell library was empty.

Dungeon Overview and Level Annotations

Branches:
Dungeon (3/15)

Altars:
Yredelemnul

Annotations:
D:3 1 transporter, surprisetrex's ghost, weakling HOFE


Innate Abilities, Weirdness & Mutations

You are resistant to damage.
You can heal yourself by infusing magical energy.
You passively map a small area around you.
You do not regenerate.


Message History

Found a spear.
You see here a scale mail.
A scorpion comes into view.
A scorpion is nearby!
A scorpion is nearby!
A scorpion is nearby!
Surprisetrex's ghost turns its malevolent gaze towards you.
The scorpion stings you but does no damage.
You hit the scorpion.
The scorpion is moderately wounded.
The scorpion completely misses you. You block the scorpion's attack.
You slash the scorpion!
The scorpion is severely wounded.
You block the scorpion's attack.
You barely miss the scorpion.
The scorpion is severely wounded.
Surprisetrex's ghost whispers, "Death doesn't hurt.
What you feel is life."
The scorpion stings you but does no damage.
You closely miss the scorpion.
The scorpion is severely wounded.
You block the scorpion's attack. x2
You closely miss the scorpion.
The scorpion is severely wounded.
The scorpion closely misses you.
You hit the scorpion but do no damage.
The scorpion is severely wounded.
The scorpion barely misses you.
You barely miss the scorpion.
The scorpion is severely wounded.
The scorpion stings you.
You are poisoned.
The scorpion poisons you! The scorpion stings you.
You are more poisoned.
The scorpion poisons you!
You closely miss the scorpion.
The scorpion is severely wounded.
You feel sick. You block the scorpion's attack.
You hit the scorpion but do no damage.
The scorpion is severely wounded.
The scorpion stings you.
You are more poisoned.
The scorpion poisons you! The scorpion stings you.
You are lethally poisoned!
The scorpion poisons you!
You closely miss the scorpion.
The scorpion is severely wounded.
You feel very sick.
The scorpion stings you but does no damage.
Surprisetrex's ghost shouts, "They lied to you.
The Dungeon just goes down and down forever."
You hit the scorpion.
The scorpion is severely wounded.
You feel very sick.
The scorpion stings you but does no damage.
You block the scorpion's attack.
You are too injured to fight recklessly!
You are too injured to fight recklessly!
You are too injured to fight recklessly!
You are too injured to fight recklessly!
You are too injured to fight recklessly!
You are too injured to fight recklessly!
You are too injured to fight recklessly!
You are too injured to fight recklessly!
You are too injured to fight recklessly!
You are too injured to fight recklessly!
You feel much better.
You feel sick. You block the scorpion's attack.
You barely miss the scorpion.
The scorpion is severely wounded.
You feel very sick. You block the scorpion's attack.
You closely miss the scorpion.
The scorpion is severely wounded.
You feel very sick. The scorpion stings you!
You are more poisoned.
The scorpion poisons you! The scorpion barely misses you.
You hit the scorpion.
The scorpion is almost dead.
You feel very sick. The scorpion closely misses you.
You hit the scorpion but do no damage.
The scorpion is almost dead.
You feel very sick. The scorpion stings you.
* * * LOW HITPOINT WARNING * * *
You block the scorpion's attack.
You hit the scorpion but do no damage.
The scorpion is almost dead.
You feel very sick. The scorpion stings you.
* * * LOW HITPOINT WARNING * * *
You are lethally poisoned!
The scorpion poisons you!
Your shield and scale mail prevent you from hitting the scorpion.
The scorpion is almost dead.
* * * LOW HITPOINT WARNING * * *
You feel very sick. You block the scorpion's attack.
The scorpion closely misses you.
You closely miss the scorpion.
The scorpion is almost dead.
You die...

* * #)# * *
########)# *
........)# , *
##########...##
#........+...'. ,
#####+###.####...##
#......#...###...#
#........©..[....#
#.@#############.#
#.s#WZ...)$....#.# ,
*
*##.#ZZ.........#.##
>,
...#Z.##...##..#... ,
*###.#..#8...8#..#.##
, ..?#..##...##..#...
, ...#...W.©W....#...
, ..#..##... #..#...
, #8... #..#...


You could see a scorpion, surprisetrex's ghost, a hound zombie, a bullfrog
zombie, a giant cockroach zombie and a wyvern skeleton.

Vanquished Creatures
  4 gnolls (D:3)
  An ooze (D:2)
  An orc (D:3)
  A giant cockroach (D:3)
  2 goblins
  A hobgoblin (D:3)
  2 jackals (D:2)
  A bat (D:2)
  A kobold (D:3)
14 creatures vanquished.

Notes
Turn   | Place    | Note
-------+----------+-------------------------------------------
     0 | D:1      | EnegeticOcto the Deep Dwarf Fighter began the quest for the
                  | Orb.
     0 | D:1      | Reached XP level 1. HP: 20/20 MP: 1/1
    43 | D:2      | Reached XP level 2. HP: 27/27 MP: 2/2
   107 | D:3      | Reached skill level 1 in Dodging
   107 | D:3      | Reached XP level 3. HP: 34/34 MP: 2/2
   135 | D:3      | Found a basalt altar of Yredelemnul.
   160 | D:3      | Found a transporter.
   160 | D:3      | Noticed surprisetrex's ghost (weakling HOFE)
   162 | D:3      | Noticed a phantom
   311 | D:3      | Noticed a scorpion
   334 | D:3      | HP: 1/34 [poisoned by a scorpion]
   335 | D:3      | Succumbed to a scorpion's poison

Levels and vault maps discovered:
D:1:      dpeg_arrival_rooms_c, layout_basic
D:2:      minmay_diamond_boxcup, layout_rooms, uniq_terence
D:3:      layout_basic, nicolae_overflow_hidden_temple,
          gammafunk_ghost_mausoleum, minmay_misc_feat_ornament,
          yredelemnul_altar_generic

Skill      XL: |  1  2 |
---------------+-------+-----
Fighting       | 3 |  3.3
Dodging        | 1 |  1.2
Axes           | |  2.6
Armour         | |  3.6
Shields        | |  3.6

Action                   || total
-------------------------++-------
Melee: War axe           ||    75
 Abil: Heal Wounds       ||     4
Armor: Scale mail        ||    37
Dodge: Dodged            ||    29
Block: Kite shield       ||    42

Table legend:
 A = Non-vault XP
 B = Vault XP
 C = Vault XP percentage of total XP
 D = Non-vault monster count
 E = Vault monster count
 F = Vault count percentage of total count
                 A         B        C        D         E       F
            +---------+---------+-------+---------+---------+-------
      Total |      82 |       0 |   0.0 |      14 |       0 |   0.0
            +---------+---------+-------+---------+---------+-------
        D:1 |       2 |       0 |   0.0 |       1 |       0 |   0.0
        D:2 |      14 |       0 |   0.0 |       5 |       0 |   0.0
        D:3 |      66 |       0 |   0.0 |       8 |       0 |   0.0
            +---------+---------+-------+---------+---------+-------
